 Dungeon Crawl Stone Soup version 0.29-a0-330-g52719c12eb (webtiles) character file.

Game seed: 17466511394097101062

508 truemonolith the Grappler (level 6, -15/59 HPs)
             Began as a Troll Berserker on May 22, 2022.
             Was an Elder of Trog.
             Demolished by an orc wizard
             ... wielding a +1 dagger of electrocution
              (20 damage)
             ... on level 4 of the Dungeon.
             The game lasted 00:06:18 (2939 turns).

truemonolith the Grappler (Troll Berserker)         Turns: 2939, Time: 00:06:19

Health: -15/59     AC:  5    Str: 34    XL:     6   Next: 98%
Magic:  5/5        EV: 10    Int:  3    God:    Trog [****..]
Gold:   197        SH:  0    Dex:  9    Spells: 5/5 levels left

rFire   . . .      SeeInvis .     - Unarmed
rCold   . . .      Faith    .   (no shield)
rNeg    . . .      Spirit   .   a - +0 animal skin
rPois   .          Reflect  .   (helmet restricted)
rElec   .          Harm     .   l - +0 cloak
rCorr   +          Rampage  .   (gloves unavailable)
Will    ++...                   (boots unavailable)
Stlth   +.........              (no amulet)
HPRegen 1.99/turn               c - +6 ring of strength
MPRegen 0.09/turn               g - ring of resist corrosion

@: strong-willed, regenerating
A: large, unfitting armour, claws 3, regeneration 1, shaggy fur 1, tough skin 1
a: Renounce Religion, Berserk, Trog's Hand, Brothers in Arms


You were on level 4 of the Dungeon.
You worshipped Trog.
Trog was greatly pleased with you.
You visited 1 branch of the dungeon, and saw 5 of its levels.

You collected 197 gold pieces.

Inventory:

Armour
 a - a +0 animal skin (worn)
 l - a +0 cloak (worn)
Jewellery
 c - a +6 ring of strength (left claw)
 g - a ring of resist corrosion (right claw)
 h - a ring of ice
Scrolls
 e - 5 scrolls of identify
 f - 2 scrolls of teleportation
 j - a scroll of fog
 k - a scroll of amnesia {unknown}
 m - a scroll of enchant armour {unknown}
Potions
 b - 2 potions of heal wounds
 d - a potion of haste
 i - 3 potions of lignification
 n - a potion of ambrosia {unknown}


   Skills:
 - Level 2.4 Fighting
 - Level 2.4 Dodging
 + Level 8.0 Unarmed Combat


You had 5 spell levels left.
You didn't know any spells.
Your spell library was empty.

Dungeon Overview and Level Annotations

Branches:
Dungeon (5/15)
 Temple: D:4-7

Altars:
Wu Jian

Shops:
D:4 *


Innate Abilities, Weirdness & Mutations

You are too large for most types of armour.
You have claws for hands.
Your natural rate of healing is unusually fast.
You are covered in fur. (AC +1)
You have tough skin. (AC +1)


Message History

The orc wizard gestures at you while chanting.
You are confused.
The orc hits you with a +0 flail. The orc hits you but does no damage.
You climb upwards.
There is a stone staircase leading down, spattered with blood here.
You are too confused!
You are too confused!
You are too confused!
You are too confused!
You are too confused!
You are too confused!
You're too confused to move!
The orc closely misses you.
The orc wizard hits you with a +1 dagger of electrocution.
The orc hits you with a +0 flail.
You're too confused to move!
The orc misses you.
The orc wizard hits you with a +1 dagger of electrocution.
The orc hits you with a +0 flail.
You bump into the rock wall.
The orc barely misses you.
The orc wizard hits you with a +1 dagger of electrocution.
The orc barely misses you.
You miss the orc wizard.
You feel less confused.
You scratch the orc.
The orc is heavily wounded.
The orc hits you with a +0 club. The orc wizard closely misses you.
The orc barely misses you.
You barely miss the orc.
The orc is heavily wounded.
The orc hits you but does no damage. The orc hits you with a +0 flail!
* * * LOW HITPOINT WARNING * * *
The orc wizard hits you with a +1 dagger of electrocution.
* * * LOW HITPOINT WARNING * * *
You are electrocuted!
* * * LOW HITPOINT WARNING * * *
Your skin crawls.
You feel strong-willed.
The orc wizard hits you with a +1 dagger of electrocution.
* * * LOW HITPOINT WARNING * * *
You are electrocuted!!
You die...

#...................###.#...##
##.##......##..####<.###..###.###
...##......)...##.........# #....
.#.##..........##.#..###..###.###
##.##.#...####[##.#......#...##
#.......##..........#########
####.##.##.##.##.#.##
#...#.##.##.##o#.#
#...#.......o@)..# #
#...####.###†[o..######### ##
####...####.###....#.##.....# ##.
...........#.###..###.#.....# #..
..........###.##.## ##?.....# ##.
...........#.###.(###.#.....# ##
####...####.###..#.#.##^....# #
#...# ### #.###.######### # #...#
#.# ########### #


You could see an orc wizard and 2 orcs.

Vanquished Creatures
  A black bear (D:4)
  An ogre (D:4)
  A scorpion (D:4)
  An iguana (D:4)
  An orc wizard (D:4)
  Robin (D:2)
  6 adders
  4 worms
  2 dart slugs
  18 orcs
  8 bats
  4 endoplasms
  2 giant cockroaches
  14 goblins
  14 hobgoblins
  7 jackals (D:1)
  4 quokkas
  9 ball pythons
  A frilled lizard (D:1)
  13 kobolds
  3 rats (D:1)
115 creatures vanquished.

Notes
Turn   | Place    | Note
-------+----------+-------------------------------------------
     0 | D:1      | truemonolith the Troll Berserker began the quest for the
                  | Orb.
     0 | D:1      | Reached XP level 1. HP: 22/22 MP: 0/0
   141 | D:1      | Reached XP level 2. HP: 29/29 MP: 1/1
   149 | D:1      | Found a faded altar of an unknown god.
   198 | D:1      | Reached skill level 4 in Unarmed Combat
   364 | D:1      | Reached ** piety under Trog
   367 | D:1      | Reached XP level 3. HP: 36/36 MP: 2/2
   708 | D:2      | Noticed Robin
   740 | D:2      | Killed Robin
   823 | D:2      | Reached XP level 4. HP: 44/44 MP: 3/3
   882 | D:2      | Reached skill level 5 in Unarmed Combat
  1092 | D:2      | Reached *** piety under Trog
  1797 | D:3      | Found an ornate altar of the Wu Jian Council.
  2044 | D:3      | Reached XP level 5. HP: 50/50 MP: 4/4
  2173 | D:4      | Found Seugo's Assorted Antiques.
  2200 | D:4      | Reached skill level 6 in Unarmed Combat
  2514 | D:4      | Identified the +2 ring mail "Meonue" {rN+ Regen+ Dex+2}
  2617 | D:4      | Noticed an ogre
  2621 | D:4      | HP: 2/50 [ogre/+0 giant club (25)]
  2632 | D:4      | Killed an ogre
  2633 | D:4      | Reached skill level 7 in Unarmed Combat
  2633 | D:4      | Reached XP level 6. HP: 26/59 MP: 5/5
  2745 | D:4      | Reached **** piety under Trog
  2893 | D:5      | Entered Level 5 of the Dungeon
  2904 | D:4      | Reached skill level 8 in Unarmed Combat
  2939 | D:4      | Demolished by an orc wizard

Illustrated notes

Levels and vault maps discovered:
D:1:      elethiomel_arrival_maze, layout_basic,
          hellmonk_ecumenical_altar_lost_god
D:2:      layout_basic, minmay_goblin_kobold_house, uniq_robin
D:3:      layout_rooms, mainiacjoe_overflow_chevrons
D:4:      layout_loops_cross, serial_shops, nicolae_shop_stone
D:5:      layout_rooms, yredelemnul_altar_generic, minmay_temple_entry_poolview,
          serial_shops, shop

Skill      XL: |  1  2  3  4  5  6 |
---------------+-------------------+-----
Unarmed Combat | 4 5 7 8 |  8.0
Fighting       | |  2.4
Dodging        | |  2.4

Action                   |  1- 3 |  4- 6 || total
-------------------------+-------+-------++-------
Melee: Unarmed           |    93 |   191 ||   284
       Punch             |     3 |     1 ||     4
Invok: Trog's Hand       |       |     1 ||     1
  Use: Potion            |       |     8 ||     8
       Scroll            |       |     6 ||     6
 Stab: Sleeping          |       |     1 ||     1
Armor: Animal skin       |    64 |    73 ||   137
Dodge: Dodged            |    87 |   100 ||   187

Table legend: (Time is in decaauts)
 A = Elapsed time spent in this place.
 B = Non-inter-level travel time spent in this place.
 C = Inter-level travel time spent in this place.
 D = Time resting spent in this place.
 E = Time spent auto-exploring this place.
 F = Levels seen in this place.
 G = Mean time per level.
                   A        B        C        D        E       F      G
               +--------+--------+--------+--------+--------+-----+--------+
         Total |   2899 |   2825 |     74 |     99 |   1925 |   5 |  579.8 |
       Dungeon |   2899 |   2825 |     74 |     99 |   1925 |   5 |  579.8 |
               +--------+--------+--------+--------+--------+-----+--------+

Top non-repeatable levels by time:
     D:2: 916 daAuts
     D:1: 768 daAuts
     D:4: 748 daAuts
     D:3: 456 daAuts
     D:5: 8 daAuts
